 Dungeon Crawl Stone Soup version 0.30-a0-585-g93115170b9 (webtiles) character file.

Game seed: 116250478517207428

34682 ParallaxScroll the Severer (level 13, 127/127 HPs)
             Began as a Minotaur Chaos Knight on Nov 19, 2022.
             Was a Plaything of Xom.
             Quit the game on level 4 of the Lair of Beasts on Jan 2, 2023.
             The game lasted 01:31:03 (20623 turns).

ParallaxScroll the Severer (Minotaur Chaos Knight) Turns: 20623, Time: 01:31:03

Health: 127/127    AC: 37    Str: 28    XL:     13   Next: 43%
Magic:  12/12      EV:  8    Int: 12    God:    Xom [..*...]
Gold:   1155       SH: 15    Dex: 10    Spells: 12/12 levels left

rFire   + . .      SeeInvis .    a - +4 war axe (freeze)
rCold   . . .      Faith    .    X - +0 kite shield
rNeg    + . .      Spirit   .    f - +12 plate armour "Pelotal" {Stlth+}
rPois   .          Reflect  +    (helmet unavailable)
rElec   +          Harm     .    t - +0 cloak
rCorr   +          Rampage  .    (no gloves)
Will    ++...                    o - +0 pair of boots Stlth
                                 w - amulet of reflection
HPRegen 1.21/turn                K - ring of positive energy
MPRegen 0.13/turn                W - ring "Neheif" {rElec Will+ rCorr Str+3}

@: no status effects
A: horns 3, retaliatory headbutt, iridescent scales 3, thin skeletal structure
1, clever 1, fire resistance 1, strong-willed 1, regeneration 1, robust 1,
shaggy fur 1, strong 1, MP-powered wands, noise suppression
a: Renounce Religion


You were on level 4 of the Lair of Beasts.
You worshipped Xom.
You were a toy of Xom.
You visited 2 branches of the dungeon, and saw 16 of its levels.
You also visited: Ossuary.

You collected 2005 gold pieces.
You spent 850 gold pieces at shops.

Inventory:

Hand Weapons
 a - a +4 war axe of freezing (weapon)
 b - a +0 heavy sling
 c - a +1 demon whip of venom
 g - a +0 executioner's axe of freezing
 N - a +0 morningstar
Missiles
 s - 2 silver boomerangs
 B - 14 boomerangs (quivered)
 C - 4 javelins
 F - 42 poisoned darts
 Q - a throwing net
 T - 3 atropa-tipped darts
Armour
 f - the +12 plate armour "Pelotal" (worn) {Stlth+}
   (Xom gifted it to you on level 3 of the Lair of Beasts)

   Stlth:     It makes you more stealthy.
 o - a +0 pair of boots (worn)
 t - a +0 cloak (worn)
 X - a +0 kite shield (worn)
Magical Staves
 h - a staff of poison
 x - a staff of fire
Jewellery
 e - a ring of protection from cold
 q - a ring of willpower
 w - an amulet of reflection (around neck)
 z - a ring of see invisible
 K - a ring of positive energy (left hand)
 W - the ring "Neheif" (right hand) {rElec Will+ rCorr Str+3}
   (You bought it in a shop on level 8 of the Dungeon)

   [ring of willpower]

   Str:       It affects your strength (+3).
   rElec:     It insulates you from electricity.
   rCorr:     It protects you from acid and corrosion.
   Will:      It increases your willpower.
Wands
 m - a wand of polymorph (6)
 n - a wand of paralysis (21)
 v - a wand of digging (7)
 S - a wand of roots (2)
 Z - a wand of light (6)
Scrolls
 d - 3 scrolls of amnesia
 l - 3 scrolls of magic mapping
 r - a scroll of enchant armour {unknown}
 u - 2 scrolls of vulnerability
 A - 7 scrolls of teleportation
 J - 2 scrolls of fog
 R - a scroll of blinking
Potions
 i - 4 potions of brilliance
 j - 4 potions of resistance
 k - a potion of invisibility
 p - 2 potions of degeneration {unknown}
 D - 2 potions of flight {unknown}
 E - 4 potions of mutation
 G - 7 potions of lignification
 H - 5 potions of curing
 I - 6 potions of attraction
 L - 3 potions of heal wounds
 O - 2 potions of berserk rage
 P - 2 potions of haste
Miscellaneous
 y - a lightning rod (4/4)


   Skills:
 - Level 11.0 Fighting
 - Level 17.3(17.5) Axes
 - Level 3.8(12.0) Maces & Flails
 - Level 3.0 Ranged Weapons
 + Level 6.2 Throwing
 + Level 11.5 Armour
 - Level 6.0 Dodging
 + Level 8.3 Shields
 + Level 5.6 Evocations


You had 12 spell levels left.
You didn't know any spells.
Your spell library contained the following spells:

 Spells                   Type           Power      Damage    Failure   Level
 Necrotise                Necr           0%         1d4       99%         1
 Blink                    Tloc           0%         N/A       100%        2
 Ensorcelled Hibernation  Hex/Ice        0%         N/A       100%        2
 Momentum Strike          Conj/Tloc      0%         3d8       100%        2
 Static Discharge         Conj/Air       0%         2-2/arc   100%        2
 Ignite Poison            Fire/Tmut/Pois 0%         N/A       100%        3
 Kindle Blastsparks       Fire/Tloc/Air  0%         2d10      100%        3
 Lesser Beckoning         Tloc           0%         N/A       100%        3
 Spider Form              Tmut/Pois      0%         N/A       100%        3
 Vampiric Draining        Necr           0%         2d6       100%        3
 Vhi's Electric Charge    Tloc/Air       0%         N/A       100%        3
 Anguish                  Hex/Necr       0%         N/A       100%        4
 Manifold Assault         Tloc           0%         N/A       100%        4
 Agony                    Necr           0%         N/A       100%        5
 Alistair's Intoxication  Tmut/Pois      0%         N/A       100%        5
 Arcjolt                  Conj/Air       0%         1d10      100%        5
 Blade Hands              Tmut           0%         N/A       100%        5
 Borgnjor's Vile Clutch   Necr/Erth      0%         N/A       100%        5
 Freezing Cloud           Conj/Ice/Air   0%         6-21      100%        5
 Irradiate                Conj/Tmut      0%         3d11      100%        5
 Lightning Bolt           Conj/Air       0%         1d11      100%        5
 Eringya's Noxious Bog    Tmut/Pois      0%         N/A       100%        6
 Dragon Form              Tmut           0%         N/A       100%        7
 Storm Form               Tmut/Air       0%         N/A       100%        7


Dungeon Overview and Level Annotations

Branches:
Dungeon (11/15)            Temple (0/1) D:5            Lair (5/5) D:9
 Shoals (0/4) Lair:2        Snake (0/4) Lair:3          Orc (0/2) D:11
Ossuary (visited)
  Slime: Lair:4-5

Altars:
Ashenzari
Cheibriados
Elyvilon
Fedhas
Gozag
Hepliaklqana
Kikubaaqudgha
Makhleb
Okawaru
Trog
Uskayaw
Vehumet
Wu Jian
Xom
Yredelemnul
Jiyva

Shops:
D:8 =

Annotations:
D:3 necrophage
Lair:4 exclusion: oklob plant
Lair:5 Josephine


Innate Abilities, Weirdness & Mutations

You have a pair of large horns on your head.
You reflexively headbutt those who attack you in melee.
You are completely covered in iridescent scales. (AC +6)
You have a somewhat thin skeletal structure. (Dex +2, Stealth+)
Your mind is acute. (Int +4, Str/Dex -1)
Your flesh is heat resistant. (rF+)
You are strong-willed. (Will+)
Your natural rate of healing is unusually fast.
You are robust. (+10% HP)
You are covered in fur. (AC +1)
Your muscles are strong. (Str +4, Int/Dex -1)
You expend magic power (3 MP) to strengthen your wands.
You passively dampen the noise of your surroundings.


Message History

A blink frog is nearby!
Throw: 14 boomerangs
Press: ? - help, Q - select action, (/) - cycle Shift-Dir - straight line, f/p - blink frog
Aim: a blink frog (heavily wounded, 46% to hit)
You throw a boomerang.
The boomerang closely misses the blink frog.
The blink frog blinks!
Throw: 14 boomerangs
Press: ? - help, Q - select action, (/) - cycle Shift-Dir - straight line, f/p - blink frog
Aim: a blink frog (heavily wounded, 46% to hit)
You throw a boomerang. The boomerang misses the blink frog.
Throw: 14 boomerangs
Press: ? - help, Q - select action, (/) - cycle Shift-Dir - straight line, f/p - blink frog
Aim: a blink frog (heavily wounded, 46% to hit)
You throw a boomerang. The boomerang hits the blink frog.
The blink frog is severely wounded.
Throw: 14 boomerangs
Press: ? - help, Q - select action, (/) - cycle Shift-Dir - straight line, f/p - blink frog
Aim: a blink frog (severely wounded, 46% to hit)
You throw a boomerang.
The boomerang closely misses the blink frog.
You block the blink frog's attack.
You hit the blink frog.
The blink frog seems to slow down.
You freeze the blink frog. Your headbutt misses the blink frog.
The blink frog is severely wounded.
The blink frog hits you.
You slash the blink frog! You freeze the blink frog.
You kill the blink frog!
You start resting.
HP restored.
Save game and exit?
Level annotation: exclusion: oklob plant Welcome back, ParallaxScroll the Minotaur Chaos Knight.
Xom snickers.
Press ? for a list of commands and other information.
Level annotation: exclusion: oklob plant Welcome back, ParallaxScroll the Minotaur Chaos Knight.
Xom titters.
Press ? for a list of commands and other information.
Are you sure you want to abandon this character and quit the game? (Confirm with "yes".)

...#.............#######.#..#.#.#
..#..............##..P...........
.................##..............
.................#...............
.....)...........................
.............#...........#...#...
........................<........
......................#.÷........
.............(.†@................
......#.........................#
......#....#.....................
..<......#..................P#...
.................................
#.#....#....##...................
###....#.................###.####
#...........##..#.###.####.##
#............#..### ### ###


There were no monsters in sight!

Vanquished Creatures
  Snorg (D:10)
  2 hydras (Lair:4)
  A catoblepas (Lair:1)
  Erica (Lair:2)
  2 boulder beetles
  2 two-headed ogres (D:10)
  Nergalle (D:10)
  Amaemon (D:10)
  2 centaur zombies (D:10)
  4 elephants
  9 black mambas
  A centaur skeleton (D:10)
  An orange demon (D:10)
  4 cane toads
  2 gargoyles
  Maggie (D:8)
  3 rime drakes
  3 komodo dragons
  A yaktaur (D:9)
  A redback zombie (D:10)
  2 hellwings (D:10)
  2 trolls
  2 polar bears
  3 hornets
  11 blink frogs
  A wyvern (D:9)
  A wraith (D:10)
  2 shadows
  33 yaks
  A steam dragon (D:9)
  4 vampire mosquitoes
  An acid dragon (D:8)
  12 water moccasins
  A warg (D:11)
  6 ice beasts
  6 orc warriors
  A sky beast (D:6)
  5 black bears
  9 wolves
  6 centaurs (D:11)
  A phantom (D:4)
  2 kobold brigands
  9 bullfrogs
  A gnoll sergeant (D:11)
  2 necrophages
  A scorpion (D:6)
  12 wights
  7 killer bees
  7 electric eels
  3 howler monkeys
  4 lava snakes
  3 jellies
  6 orc priests
  2 hounds
  2 gnoll boudas
  4 iguanas
  Natasha (thrice) (D:4)
  5 orc wizards (D:11)
  4 hell rats (Lair:2)
  A boggart skeleton (D:10)
  9 mummies
  20 gnolls
  5 adders
  6 shadow imps
  An ufetubus (D:4)
  A worm (D:2)
  2 dart slugs (D:4)
  35 orcs
  8 ball pythons
  6 endoplasms
  2 giant cockroaches
  A gnoll zombie (Ossuary)
  8 goblins
  6 hobgoblins
  7 jackals
  4 quokkas
  9 bats
  5 frilled lizards
  4 hobgoblin zombies (Ossuary)
  15 kobolds
  3 orc zombies (Ossuary)
  3 rats
391 creatures vanquished.

Vanquished Creatures (collateral kills)
  Maurice (D:10)
  A merfolk siren (Lair:2)
  A yak (D:8)
  A wolf (Lair:2)
  A goblin (D:1)
5 creatures vanquished.

Vanquished Creatures (others)
  A wizard (D:9)
  A yak (D:8)
  An electric eel (Lair:3)
  A lava snake (Lair:3)
  A kobold (D:8)
  A hobgoblin zombie (D:1)
  9 fungi
  23 plants
  A withered plant (D:10)
39 creatures vanquished.

Grand Total: 435 creatures vanquished

Notes
Turn   | Place    | Note
-------+----------+-------------------------------------------
     0 | D:1      | ParallaxScroll the Minotaur Chaos Knight began the quest
                  | for the Orb.
     0 | D:1      | Reached XP level 1. HP: 19/19 MP: 0/0
   122 | D:1      | Reached skill level 4 in Axes
   159 | D:1      | XOM: divination: detect items
   230 | D:1      | Reached XP level 2. HP: 26/26 MP: 1/1
   437 | D:1      | Reached skill level 5 in Axes
   558 | D:1      | Reached XP level 3. HP: 31/31 MP: 2/2
  1379 | D:2      | XOM: 4-stop teleportation journey
  1515 | D:2      | Reached XP level 4. HP: 36/39 MP: 3/3
  1519 | D:2      | Reached skill level 6 in Axes
  1773 | D:3      | Noticed a necrophage
  1828 | D:2      | XOM: scenery: summon butterflies
  1983 | D:3      | XOM: god gift: worn iron wand {god gift}
  2108 | D:3      | XOM: cloud trail
  2429 | D:3      | XOM: destruction
  2683 | D:3      | XOM: god gift: spear {god gift}
  2853 | D:3      | XOM: scenery: summon butterflies
  2936 | D:4      | You fall into a shaft and drop 2 floors!
  2939 | D:6      | Noticed a sky beast
  2939 | D:6      | Noticed a scorpion
  2943 | D:6      | XOM: cleaving
  2944 | D:6      | Killed a scorpion
  2945 | D:6      | Reached skill level 1 in Throwing
  2945 | D:6      | Reached XP level 5. HP: 46/46 MP: 4/4
  2948 | D:6      | XOM: fog
  2955 | D:6      | Killed a sky beast
  2956 | D:6      | Reached skill level 7 in Axes
  2956 | D:6      | Reached skill level 1 in Evocations
  2956 | D:6      | Reached XP level 6. HP: 53/53 MP: 5/5
  2988 | D:5      | Entered Level 5 of the Dungeon
  3037 | D:4      | Noticed Natasha
  3044 | D:4      | Killed Natasha
  3076 | D:4      | Noticed Natasha
  3082 | D:4      | Killed Natasha
  3104 | D:4      | XOM: divination: detect creatures
  3136 | D:4      | XOM: scenery: create altars
  3155 | D:4      | Noticed Natasha
  3165 | D:4      | Killed Natasha
  3179 | D:4      | Reached skill level 5 in Fighting
  3245 | D:4      | XOM: give mutation
  3245 | D:4      | Gained mutation: Your muscles are strong. (Str +4, Int/Dex
                  | -1) [Xom's grace]
  3313 | D:4      | Found a white marble altar of Elyvilon.
  3463 | D:4      | Reached XP level 7. HP: 61/61 MP: 6/6
  3542 | D:4      | Found a snail-covered altar of Cheibriados.
  3629 | D:5      | XOM: enchant monster (good)
  3765 | D:5      | Reached skill level 8 in Axes
  3799 | D:5      | XOM: give mutations
  3799 | D:5      | Gained mutation: You occasionally shout uncontrollably at
                  | your foes. [Xom's mischief]
  3799 | D:5      | Lost mutation: Your muscles are strong. (Str +4, Int/Dex
                  | -1) [Xom's mischief]
  3799 | D:5      | Gained mutation: Armour fits poorly on your strangely
                  | shaped body. [Xom's mischief]
  3799 | D:5      | Gained mutation: You have a pair of large horns on your
                  | head. [Xom's mischief]
  3857 | D:5      | Found a staircase to the Ecumenical Temple.
  3870 | D:5      | XOM: give mutations
  3870 | D:5      | Gained mutation: You are covered in fur. (AC +1) [Xom's
                  | grace]
  3870 | D:5      | Gained mutation: Your mind is acute. (Int +4, Str/Dex -1)
                  | [Xom's grace]
  4435 | D:3      | XOM: fog
  4499 | D:4      | XOM: cleaving
  4597 | D:5      | XOM: smoke on damage
  4826 | D:5      | Reached skill level 1 in Ranged Weapons
  4826 | D:5      | Reached XP level 8. HP: 70/70 MP: 7/7
  4950 | D:5      | XOM: cloud trail
  4984 | D:5      | Found a blossoming altar of Fedhas.
  4984 | D:5      | Found an ancient bone altar of Kikubaaqudgha.
  5357 | D:5      | Found a blossoming altar of Fedhas.
  5361 | D:5      | Found an ancient bone altar of Kikubaaqudgha.
  5421 | D:5      | Found a staircase to the Ecumenical Temple.
  5439 | D:5      | XOM: give mutations
  5439 | D:5      | Gained mutation: You are strong-willed. (Will+) [Xom's
                  | grace]
  5439 | D:5      | Gained mutation: You are agile. (Dex +4, Str/Int -1) [Xom's
                  | grace]
  5439 | D:5      | Gained mutation: Your flesh is heat resistant. (rF+) [Xom's
                  | grace]
  5439 | D:5      | Gained mutation: You passively dampen the noise of your
                  | surroundings. [Xom's grace]
  6046 | D:6      | Found a burning altar of Makhleb.
  6154 | D:6      | XOM: enchant monster (bad)
  6460 | D:6      | XOM: polymorph ogre -> black bear
  6812 | D:6      | XOM: draining
  6997 | D:6      | XOM: summons 4 hostile shadow creatures
  7381 | D:7      | Found a sand-covered staircase.
  7426 | Ossuary  | XOM: stealth player
  7426 | Ossuary  | Entered an ossuary
  7532 | Ossuary  | XOM: 4-stop teleportation journey
  7950 | D:7      | Found a hide-covered altar of Uskayaw.
  7988 | D:7      | XOM: give mutations
  7988 | D:7      | Lost mutation: You occasionally shout uncontrollably at
                  | your foes. [Xom's mischief]
  7988 | D:7      | Lost mutation: Your mind is acute. (Int +4, Str/Dex -1)
                  | [Xom's mischief]
  7988 | D:7      | Lost mutation: You passively dampen the noise of your
                  | surroundings. [Xom's mischief]
  7988 | D:7      | Lost mutation: You are agile. (Dex +4, Str/Int -1) [Xom's
                  | mischief]
  8227 | D:7      | XOM: summons 3 hostile shadow creatures
  8229 | D:7      | XOM: polymorph bullfrog -> tengu
  8230 | D:7      | Reached skill level 9 in Axes
  8554 | D:7      | Reached XP level 9. HP: 68/79 MP: 8/8
  8855 | D:7      | Found an opulent altar of Gozag.
  8855 | D:7      | Found a broken altar of Ashenzari.
  8862 | D:7      | Found an ornate altar of the Wu Jian Council.
  8864 | D:7      | Found a shimmering altar of Xom.
  8866 | D:7      | Found a basalt altar of Yredelemnul.
  8922 | D:7      | XOM: smoke on damage
  8989 | D:7      | Reached skill level 10 in Axes
  8989 | D:7      | Reached skill level 5 in Throwing
  9011 | D:7      | XOM: torment (27/79 hp)
  9017 | D:7      | XOM: divination: magic mapping
  9099 | D:7      | XOM: god gift: 3 atropa-tipped darts
  9190 | D:8      | XOM: scenery: create altars
  9302 | D:8      | Found Miffat's Jewellery Shop.
  9335 | D:8      | XOM: summons 9 friendly demons
  9347 | D:8      | Reached skill level 11 in Axes
  9353 | D:8      | XOM: 4-stop teleportation journey
  9354 | D:8      | XOM: summons 2 hostile shadow creatures
  9360 | D:8      | Paralysed by a hornet for 1 turns
  9363 | D:8      | Reached skill level 12 in Axes
  9367 | D:8      | Found a radiant altar of Vehumet.
  9624 | D:8      | Noticed Maggie
  9662 | D:8      | XOM: enchant monster (bad)
  9663 | D:8      | Killed Maggie
  9768 | D:7      | XOM: chaos cloud
  9770 | D:7      | Reached XP level 10. HP: 74/88 MP: 9/9
  9821 | D:7      | XOM: enchant monster (bad)
  9828 | D:7      | XOM: swap monsters
  9834 | D:7      | Reached skill level 13 in Axes
 10150 | D:8      | Found an iron altar of Okawaru.
 10230 | D:8      | XOM: noise
 10237 | D:8      | XOM: enchant monster (bad)
 10242 | D:8      | Reached skill level 14 in Axes
 10361 | D:8      | XOM: torment (11/88 hp)
 11019 | D:8      | Found a radiant altar of Vehumet.
 11084 | D:8      | Found an iron altar of Okawaru.
 11153 | D:8      | Found a shimmering altar of Xom.
 11166 | D:8      | Found Miffat's Jewellery Shop.
 11475 | D:9      | Noticed a gargoyle
 11561 | D:9      | Killed a gargoyle
 11582 | D:9      | Reached skill level 5 in Armour
 11602 | D:9      | Reached skill level 5 in Dodging
 11603 | D:9      | Found a staircase to the Lair.
 11853 | D:9      | Noticed a boulder beetle
 11858 | D:9      | XOM: blink monster(s)
 11863 | D:9      | Killed a boulder beetle
 11864 | D:9      | Reached skill level 15 in Axes
 11921 | D:9      | Reached XP level 11. HP: 94/94 MP: 10/10
 12195 | D:9      | XOM: 1-stop teleportation journey
 12295 | D:9      | XOM: polymorph troll -> yaktaur
 12301 | D:9      | XOM: polymorph howler monkey -> bullfrog
 12490 | D:9      | Reached skill level 16 in Axes
 12496 | D:9      | XOM: enchant monster (bad)
 12566 | D:9      | XOM: god gift: great sword {god gift}
 12592 | D:9      | XOM is BORED!
 12592 | D:9      | XOM: give mutations
 12592 | D:9      | Lost mutation: Armour fits poorly on your strangely shaped
                  | body. [Xom's mischief]
 12592 | D:9      | Gained mutation: You are dopey. (Int -2) [Xom's mischief]
 12637 | D:9      | XOM: divination: detect items
 12685 | D:9      | XOM: swap monsters
 12787 | D:9      | Found a bloodstained altar of Trog.
 12789 | D:9      | Noticed a wizard
 12794 | D:9      | Killed a wizard
 13128 | D:10     | Entered Level 10 of the Dungeon
 13172 | D:10     | XOM: summons friendly shadow imp
 13210 | D:8      | Bought the ring "Neheif" {rElec Will+ rCorr Str+3} for 610
                  | gold pieces
 13317 | D:10     | Noticed a two-headed ogre
 13326 | D:10     | Killed a two-headed ogre
 13358 | D:10     | XOM: give mutations
 13358 | D:10     | Gained mutation: You are partially covered in iridescent
                  | scales. (AC +2) [Xom's grace]
 13358 | D:10     | Gained mutation: You are mostly covered in iridescent
                  | scales. (AC +4) [Xom's grace]
 13358 | D:10     | Gained mutation: You are completely covered in iridescent
                  | scales. (AC +6) [Xom's grace]
 13358 | D:10     | Gained mutation: You have a somewhat thin skeletal
                  | structure. (Dex +2, Stealth+) [Xom's grace]
 13459 | D:10     | XOM: potion effect (brilliance)
 13522 | D:10     | Noticed Nergalle
 13535 | D:10     | Killed Nergalle
 13536 | D:10     | Reached skill level 10 in Fighting
 13544 | D:10     | XOM: noise
 13800 | D:10     | XOM: give mutations
 13800 | D:10     | Lost mutation: You are dopey. (Int -2) [Xom's grace]
 13800 | D:10     | Gained mutation: You passively dampen the noise of your
                  | surroundings. [Xom's grace]
 13863 | D:10     | Noticed Maurice
 13869 | D:10     | XOM: enchant monster (good)
 13877 | D:10     | XOM: fake destruction
 13890 | D:10     | Killed Maurice
 13928 | D:10     | Noticed a two-headed ogre
 13936 | D:10     | Killed a two-headed ogre
 13979 | D:10     | Noticed Amaemon
 13985 | D:10     | XOM: divination: detect creatures
 13989 | D:10     | XOM: enchant monster (good)
 13997 | D:10     | XOM: smoke on damage
 14004 | D:10     | Killed Amaemon
 14303 | D:10     | Found a hazy altar of Hepliaklqana.
 14725 | D:11     | Reached XP level 12. HP: 99/106 MP: 11/11
 14834 | D:11     | Noticed Snorg
 14848 | D:10     | Killed Snorg
 14849 | D:10     | Reached skill level 17 in Axes
 14951 | D:11     | Reached skill level 1 in Maces & Flails
 14953 | D:11     | XOM: enchant monster (bad)
 14993 | D:11     | XOM: noise
 15231 | D:11     | Reached skill level 1 in Shields
 15312 | D:11     | Found a staircase to the Orcish Mines.
 15551 | Lair:1   | Entered Level 1 of the Lair of Beasts
 15816 | Lair:1   | XOM: swap monsters
 15901 | Lair:1   | XOM: swap monsters
 15905 | Lair:1   | XOM: enchant monster (bad)
 15915 | Lair:1   | XOM: blink monster(s)
 15984 | Lair:1   | Noticed a catoblepas
 15993 | Lair:1   | Killed a catoblepas
 15994 | Lair:1   | Reached skill level 5 in Shields
 16159 | Lair:1   | XOM: stat loss: -1 Int (8/9)
 16489 | Lair:1   | XOM: scenery: summon butterflies
 16658 | Lair:1   | XOM: divination: detect creatures
 17109 | Lair:2   | Noticed Erica
 17123 | Lair:2   | Killed Erica
 17159 | Lair:2   | XOM: summons 2 friendly demons
 17166 | Lair:2   | XOM: noise
 17198 | Lair:2   | XOM: 1-stop teleportation journey
 17271 | Lair:2   | Noticed a boulder beetle
 17288 | Lair:2   | Killed a boulder beetle
 17410 | Lair:2   | XOM: cloud trail
 17505 | Lair:2   | Reached skill level 10 in Armour
 17618 | Lair:2   | Found a staircase to the Shoals.
 17714 | Lair:2   | Found a staircase to the Shoals.
 17852 | Lair:2   | XOM: scenery: create altars
 18214 | Lair:3   | XOM: god gift: 902 gold pieces
 18252 | Lair:3   | XOM: god gift: blackened plate armour {god gift}
 18252 | Lair:3   | Identified the +12 plate armour "Pelotal" {Stlth+} (Xom
                  | gifted it to you on level 3 of the Lair of Beasts)
 18437 | Lair:1   | XOM: give mutation
 18437 | Lair:1   | Gained mutation: Your muscles are strong. (Str +4, Int/Dex
                  | -1) [Xom's grace]
 18573 | Lair:3   | XOM: god gift: +0 executioner's axe of freezing
 18618 | Lair:3   | Reached XP level 13. HP: 116/116 MP: 12/12
 18768 | Lair:3   | XOM: summons 4 friendly demons
 18773 | Lair:3   | Found a staircase to the Snake Pit.
 18786 | Lair:3   | XOM: give mutation
 18786 | Lair:3   | Gained mutation: Your mind is acute. (Int +4, Str/Dex -1)
                  | [Xom's grace]
 18856 | Lair:3   | Identified the +6 short sword of the Vestibule of Hell
                  | {venom, Drain rElec rF++ Dex+3}
 18926 | Lair:3   | XOM: give mutations
 18926 | Lair:3   | Gained mutation: You expend magic power (3 MP) to
                  | strengthen your wands. [Xom's grace]
 18926 | Lair:3   | Gained mutation: Your natural rate of healing is unusually
                  | fast. [Xom's grace]
 18926 | Lair:3   | Gained mutation: You are robust. (+10% HP) [Xom's grace]
 19206 | Lair:3   | XOM: 1-stop teleportation journey
 19432 | Lair:3   | XOM: cloud trail
 19503 | Lair:4   | XOM: stealth player
 19550 | Lair:4   | XOM: scenery: summon butterflies
 19598 | Lair:4   | XOM: scenery: summon butterflies
 19615 | Lair:3   | XOM: cleaving
 19745 | Lair:4   | XOM: god gift: boomerang
 19880 | Lair:4   | XOM: potion effect (heal wounds)
 19886 | Lair:4   | Reached skill level 5 in Evocations
 20145 | Lair:4   | Found a viscous altar of Jiyva.
 20223 | Lair:5   | Entered Level 5 of the Lair of Beasts
 20249 | Lair:5   | Noticed Josephine
 20405 | D:8      | Bought a ring of positive energy for 240 gold pieces
 20474 | Lair:1   | XOM: divination: detect items
 20595 | Lair:5   | XOM: noise
 20623 | Lair:4   | Upgraded the game from 0.30-a0-368-g86fb4627a9 to
                  | 0.30-a0-585-g93115170b9
 20623 | Lair:4   | Quit the game

Illustrated notes

Levels and vault maps discovered:
D:1:      wander_arrival_desolate, layout_rooms, serial_corexii_hall,
          chequers_hall_statues_corner_a, corexii_hall_statues_u,
          corexii_hall_statues_x, corexii_hall_statues_x
D:2:      layout_basic, amcnicky_mini_pool_small
D:3:      layout_loops_corners
D:4:      layout_rooms, nicolae_elyvilon_peaceful_grove, kennysheep_slug_shrine,
          uniq_natasha
D:5:      layout_cave_pools, grunt_temple_overflow_growth_and_decay
D:6:      layout_layer_cave, general_overflow_altar
D:7:      layout_loops_ring, mainiacjoe_overflow_alcove_4,
          chequers_temple_overflow_minitemple, gup_ossuary_entry_pyramid
D:8:      layout_basic, mainiacjoe_overflow_chevrons, okawaru_ov_weapons_minmay,
          serial_shops, nicolae_shop_crystal, serial_aquarium,
          aquarium_bridge_straight [aquarium_subvault_bridge,
          aquarium_subvault_wall, aquarium_subvault_bridge,
          aquarium_subvault_balcony], aquarium_window_fake,
          aquarium_window_fake, aquarium_window_fake, aquarium_window_fake,
          aquarium_view_4, aquarium_view_2c, aquarium_pool_1, uniq_maggie
D:9:      layout_layer_cave, trog_wizard, hellmonk_lair_entry_icy,
          kennysheep_cross_room
D:10:     cheibrodos_grave_circle, layout_long_grid, nzn_hepliaklqana_mist_gate,
          kennysheep_generic_room_4, uniq_nergalle, uniq_amaemon, uniq_maurice
D:11:     layout_rooms, david_orc_3, uniq_snorg
Lair:1:   layout_cave_pods, serial_bayou_lagoon_b, serial_bayou_shore_b
Lair:2:   layout_chaotic_city, minmay_shoals_entry_lonely_mermaid,
          nzn_sisyphean_effort, grunt_megastairs_1, infiniplex_staircase_pool,
          uniq_erica
Lair:3:   layout_gridlike, minmay_snake_entry_six_corridors, minmay_holes,
          nicolae_lair_liquid_snakes, lemuel_fruit_tree
Lair:4:   layout_cave_shapes, minmay_slime_entry_oklob_enclosed
Lair:5:   grunt_lair_end_beastmaster, layout_gridlike, worms_lemuel,
          uniq_josephine

Skill      XL: |  1  2  3  4  5  6  7  8  9 10 11 12 13 |
---------------+----------------------------------------+-----
Axes           | 4 5 6 7 8 9 12 15 16 17 | 17.3
Throwing       | 1 2 3 5 6 |  6.2
Fighting       | 4 5 6 7 8 10 11 | 11.0
Evocations     | 1 2 3 4 5 |  5.6
Armour         | 3 4 5 9 10 11 | 11.5
Dodging        | 3 4 5 6 |  6.0
Ranged Weapons | 1 2 3 |  3.0
Maces & Flails | 3 |  3.8
Shields        | 8 |  8.3

Action                   |  1- 3 |  4- 6 |  7- 9 | 10-12 | 13-15 || total
-------------------------+-------+-------+-------+-------+-------++-------
Melee: Hand axe          |    98 |   111 |   231 |       |       ||   440
       Headbutt          |     9 |    13 |    53 |    87 |    21 ||   183
       Punch             |     1 |     1 |     3 |     1 |       ||     6
       Battleaxe         |       |       |    50 |   241 |       ||   291
       Demon whip        |       |       |       |    62 |     6 ||    68
       War axe           |       |       |       |   165 |   128 ||   293
 Fire: Sling             |       |       |   177 |   149 |     3 ||   329
       Arbalest          |       |       |       |    15 |       ||    15
       Shortbow          |       |       |       |     4 |       ||     4
Throw: Stone             |     5 |    12 |       |       |       ||    17
       Dart              |       |     8 |    10 |    26 |     2 ||    46
       Javelin           |       |     2 |       |       |       ||     2
       Boomerang         |       |       |     1 |     7 |    77 ||    85
Evoke: Wand              |       |       |     2 |     7 |     1 ||    10
  Use: Scroll            |       |     4 |     6 |     7 |     1 ||    18
       Potion            |       |       |     5 |     4 |       ||     9
 Stab: Petrifying        |       |       |     1 |       |       ||     1
       Paralysed         |       |       |     9 |     4 |       ||    13
       Invisible         |       |       |     3 |       |       ||     3
Armor: Leather armour    |    34 |    29 |    55 |       |       ||   118
       Acid dragon scale |       |       |     1 |    30 |       ||    31
       Plate armour      |       |       |       |   197 |    72 ||   269
Dodge: Dodged            |    38 |    34 |   151 |   193 |    32 ||   448
Block: Other             |       |    25 |    77 |    78 |       ||   180
       Reflection        |       |       |       |     8 |     3 ||    11
       Kite shield       |       |       |       |    70 |    78 ||   148

Table legend: (Time is in decaauts)
 A = Elapsed time spent in this place.
 B = Non-inter-level travel time spent in this place.
 C = Inter-level travel time spent in this place.
 D = Time resting spent in this place.
 E = Time spent auto-exploring this place.
 F = Levels seen in this place.
 G = Mean time per level.
                   A        B        C        D        E       F      G
               +--------+--------+--------+--------+--------+-----+--------+
         Total |  20635 |  18696 |   1939 |   4419 |  10818 |  17 | 1213.8 |
       Dungeon |  15324 |  14172 |   1152 |   3587 |   8095 |  11 | 1393.1 |
          Lair |   5011 |   4225 |    786 |    757 |   2617 |   5 | 1002.2 |
       Ossuary |    299 |    299 |      0 |     74 |    106 |   1 |  299.0 |
               +--------+--------+--------+--------+--------+-----+--------+

Top non-repeatable levels by time:
     D:8: 2361 daAuts
     D:7: 1839 daAuts
     D:6: 1830 daAuts
  Lair:1: 1608 daAuts
     D:3: 1584 daAuts
     D:9: 1535 daAuts
    D:10: 1510 daAuts
  Lair:2: 1437 daAuts
  Lair:3: 1210 daAuts
     D:5: 1157 daAuts
     D:2: 1116 daAuts
     D:4: 910 daAuts
     D:1: 765 daAuts
  Lair:4: 729 daAuts
    D:11: 713 daAuts
